 Dungeon Crawl Stone Soup version 0.29-a0-620-g13ace881f2 (webtiles) character file.

Game seed: 1039056595075795208

58 CollectiveS the Covered (level 3, -2/29 HPs)
             Began as a Demonspawn Fighter on June 18, 2022.
             Succumbed to a water moccasin's poison
             ... on level 2 of the Dungeon.
             The game lasted 00:05:05 (2137 turns).

CollectiveS the Covered (Demonspawn Fighter)        Turns: 2137, Time: 00:05:05

Health: -2/29      AC: 10    Str: 18    XL:     3   Next: 76%
Magic:  3/3        EV: 11    Int:  9    God:
Gold:   35         SH:  5    Dex: 12    Spells: 2/2 levels left

rFire   . . .      SeeInvis .   (no weapon)
rCold   . . .      Faith    .   (no shield)
rNeg    . . .      Spirit   .   b - +0 scale mail
rPois   .          Reflect  +   k - +0 helmet
rElec   .          Harm     .   l - +0 cloak
rCorr   .          Rampage  .   q - +0 pair of gloves
Will    .....                   (no boots)
Stlth   ..........              u - amulet of reflection
HPRegen 0.09/turn               (no ring)
MPRegen 0.08/turn               (no ring)

@: lethally poisoned (-2 -> -31)
A: claws 1, repulsion field 1
a: no special abilities


You were on level 2 of the Dungeon.
You visited 1 branch of the dungeon, and saw 3 of its levels.

You collected 35 gold pieces.

Inventory:

Hand Weapons
 a - a +0 flail
Armour
 b - a +0 scale mail (worn)
 c - a +0 buckler
 k - a +0 helmet (worn)
 l - a +0 cloak (worn)
 q - a +0 pair of gloves (worn)
Jewellery
 f - an amulet of magic regeneration
 u - an amulet of reflection (around neck)
Scrolls
 e - a scroll of amnesia {unknown}
 i - 4 scrolls of identify {unknown}
 j - a scroll of noise {unknown}
 m - a scroll of teleportation {unknown}
 n - 2 scrolls of fear {unknown}
 p - 2 scrolls of enchant weapon {unknown}
 s - a scroll of immolation {unknown}
Potions
 d - a potion of might
 g - 3 potions of degeneration {unknown}
 h - 2 potions of brilliance {unknown}
 o - a potion of ambrosia {unknown}
 r - a potion of attraction {unknown}
 t - 2 potions of mutation {unknown}


   Skills:
 - Level 3.2 Fighting
 - Level 2.6 Maces & Flails
 + Level 3.4 Armour
 - Level 0.2 Dodging
 - Level 2.7 Shields
 * Level 0.2 Unarmed Combat


You had 2 spell levels left.
You didn't know any spells.
Your spell library was empty.

Dungeon Overview and Level Annotations

Branches:
Dungeon (3/15)

Altars:


Innate Abilities, Weirdness & Mutations

You have sharp fingernails.
You are surrounded by a mild repulsion field. (EV +2)


Message History

The water moccasin is lightly wounded.
The water moccasin bites you but does no damage.
You hit the water moccasin.
The water moccasin is lightly wounded.
You block the water moccasin's attack. The water moccasin bites you.
You hit the water moccasin.
The water moccasin is moderately wounded.
The water moccasin bites you but does no damage.
You closely miss the water moccasin.
The water moccasin is moderately wounded.
You block the water moccasin's attack. x2
You barely miss the water moccasin.
The water moccasin is moderately wounded.
The water moccasin barely misses you.
You closely miss the water moccasin.
The water moccasin is moderately wounded.
The water moccasin bites you.
You hit the water moccasin.
The water moccasin is moderately wounded.
You block the water moccasin's attack. The water moccasin closely misses you.
You hit the water moccasin.
The water moccasin is moderately wounded.
The water moccasin bites you.
You hit the water moccasin but do no damage.
The water moccasin is moderately wounded.
The water moccasin bites you but does no damage.
The water moccasin bites you.
You are lethally poisoned!
The water moccasin poisons you!
You hit the water moccasin but do no damage.
The water moccasin is moderately wounded.
* * * LOW HITPOINT WARNING * * *
You feel very sick. The water moccasin bites you.
* * * LOW HITPOINT WARNING * * *
You are more poisoned.
The water moccasin poisons you!
You hit the water moccasin but do no damage.
The water moccasin is moderately wounded.
You die...

##########.##...## ##.....##
#..........###.## ##...## #
#.########## #.# ##.## # #.# #.#
#.##### # #.# ##'## #.....# #.#
##...## #####.# #.## ##.....##
### #.# #..# ##.......## ##.###.#
##########......@..####...##.####
###≈≈≈≈≈≈#.......S.'...........†.
..#≈....≈#.........####........##
#.'..##..÷........## ##.#.#.#.#
#.'..##..'.#.....## ##....#.#
###≈)...≈####...####### #..###.#
###≈≈≈≈≈≈# ##........# #..###.#
..######## #.######.# #......#
##.#.#..## ##.######.# #.######


You could see a water moccasin.

Vanquished Creatures
  An adder (D:2)
  2 worms (D:2)
  A dart slug (D:2)
  4 endoplasms
  A giant cockroach (D:1)
  2 goblins (D:1)
  6 hobgoblins
  3 jackals (D:2)
  7 ball pythons
  3 bats (D:1)
  4 frilled lizards
  4 kobolds
  2 rats
40 creatures vanquished.

Notes
Turn   | Place    | Note
-------+----------+-------------------------------------------
     0 | D:1      | CollectiveS the Demonspawn Fighter began the quest for the
                  | Orb.
     0 | D:1      | Reached XP level 1. HP: 18/18 MP: 1/1
   134 | D:1      | You fall into a shaft and drop 1 floor!
   215 | D:2      | Found a faded altar of an unknown god.
   230 | D:2      | Gained mutation: You are surrounded by a mild repulsion
                  | field. (EV +2) [demonic ancestry]
   230 | D:2      | Reached XP level 2. HP: 21/24 MP: 2/2
   880 | D:2      | Gained mutation: You have sharp fingernails. [demonic
                  | ancestry]
   880 | D:2      | Reached XP level 3. HP: 23/29 MP: 3/3
  2118 | D:3      | Noticed a water moccasin
  2137 | D:2      | Succumbed to a water moccasin's poison

Illustrated notes

Levels and vault maps discovered:
D:1:      dpeg_arrival_round_b, layout_loops_ring
D:2:      layout_loops_corners, chequers_ecumenical_altar_simple_redux,
          kennysheep_cross_room, kennysheep_generic_room_15
D:3:      layout_rooms, mainiacjoe_overflow_concentric_impassable,
          minmay_misc_feat_roman

Skill      XL: |  1  2 |
---------------+-------+-----
Armour         | 3 |  3.4
Maces & Flails | 2 |  2.6
Fighting       | |  3.2
Dodging        | |  0.2
Shields        | |  2.7
Unarmed Combat | |  0.2

Action                   || total
-------------------------++-------
Melee: Flail             ||    84
       Unarmed           ||    50
Armor: Scale mail        ||    54
Dodge: Dodged            ||    62
Block: Buckler           ||    12
       Other             ||     7

Table legend: (Time is in decaauts)
 A = Elapsed time spent in this place.
 B = Non-inter-level travel time spent in this place.
 C = Inter-level travel time spent in this place.
 D = Time resting spent in this place.
 E = Time spent auto-exploring this place.
 F = Levels seen in this place.
 G = Mean time per level.
                   A        B        C        D        E       F      G
               +--------+--------+--------+--------+--------+-----+--------+
         Total |   2165 |   2070 |     95 |      0 |   1650 |   3 |  721.7 |
       Dungeon |   2165 |   2070 |     95 |      0 |   1650 |   3 |  721.7 |
               +--------+--------+--------+--------+--------+-----+--------+

Top non-repeatable levels by time:
     D:2: 1164 daAuts
     D:1: 944 daAuts
     D:3: 56 daAuts
